 Dungeon Crawl Stone Soup version 0.26-a0-1079-g3a4175ecf3 (webtiles) character file.

Game seed: 3504650948332800719

3352 KristoblXynda the Ruffian (level 9, -1/74 HPs)
             Began as a Troll Hedge Wizard on Dec 14, 2020.
             Was an Initiate of Ashenzari.
             Slain by a cyclops (25 damage)
             ... on level 7 of the Dungeon.
             The game lasted 00:13:15 (6702 turns).

KristoblXynda the Ruffian (Troll Hedge Wizard)      Turns: 6702, Time: 00:13:15

Health: -1/74      AC:  9    Str: 20    XL:     9   Next: 72%
Magic:  11/11      EV: 16    Int: 12    God:    Ashenzari [......]
Gold:   440        SH:  0    Dex: 10    Spells: 8/12 levels left

rFire    . . .     SeeInvis .     - Unarmed
rCold    . . .     Faith    .   (no shield)
rNeg     . . .     Spirit   .   z - +2 robe {Will+}
rPois    .         Reflect  .   c - +1 hat
rElec    .         Harm     .   (no cloak)
rCorr    +         Rampage  .   (gloves unavailable)
Will     +....                  (boots unavailable)
Stlth    +.........             (no amulet)
HPRegen  0.62/turn              y - ring of resist corrosion
MPRegen  0.12/turn              x - +4 ring of evasion (curse)

@: mighty
A: large, unfitting armour, claws 3, regeneration 1, shaggy fur 1, tough skin 3
a: Curse Item, Renounce Religion


You were on level 7 of the Dungeon.
You worshipped Ashenzari.
Ashenzari was noncommittal.
You visited 2 branches of the dungeon, and saw 8 of its levels.
You also visited: Sewer.

You collected 440 gold pieces.

Inventory:

Hand Weapons
 D - a +2 whip of flaming
Armour
 c - a +1 hat (worn)
 z - a +2 robe of willpower (worn)
Jewellery
 u - an uncursed ring of ice
 x - a cursed +4 ring of evasion (right claw)
 y - a ring of resist corrosion (left claw)
Wands
 b - a wand of digging (4)
 w - a wand of iceblast (5)
 E - a wand of polymorph (8)
Scrolls
 d - 2 scrolls of enchant armour
 f - 2 scrolls of amnesia
 i - 2 scrolls of blinking
 k - 2 scrolls of noise {unknown}
 l - 2 scrolls of enchant weapon {unknown}
 m - a scroll of immolation {unknown}
 n - 5 scrolls of remove curse
 p - 5 scrolls of teleportation
 r - a scroll of fear
 t - a scroll of holy word {unknown}
 C - a scroll of magic mapping
 F - a scroll of fog {unknown}
Potions
 a - 9 potions of curing
 e - 3 potions of brilliance
 h - 2 potions of ambrosia
 j - 4 potions of flight
 o - a potion of might
 q - a potion of invisibility
 s - a potion of berserk rage {unknown}
 v - 2 potions of mutation
 A - a potion of attraction {unknown}
 B - 2 potions of lignification {unknown}


   Skills:
 + Level 6.8 Dodging
 - Level 1.0 Stealth
 + Level 7.9 Unarmed Combat
 - Level 2.0 Spellcasting
 + Level 6.1 Conjurations
 - Level 0.6 Summonings
 - Level 0.6 Translocations


You had 8 spell levels left.
You knew the following spells:

 Your Spells              Type           Power        Failure   Level
a - Magic Dart            Conj           ###.         2%          1
b - Mephitic Cloud        Conj/Pois/Air  #.......     34%         3

Your spell library contained the following spells:

 Spells                   Type           Power        Failure   Level
 Conjure Flame            Conj/Fire      #.......     24%         3
 Dazzling Flash           Conj/Hex       #.....       24%         3
 Beastly Appendage        Tmut           #.....       26%         1
 Corona                   Hex            #......      26%         1
 Blink                    Tloc           N/A          32%         2
 Call Imp                 Summ           #.......     32%         2
 Ensorcelled Hibernation  Hex/Ice        #.....       38%         2
 Slow                     Hex            #.......     38%         2
 Wereblood                Tmut           #.......     38%         2
 Confusing Touch          Hex            #.......     63%         3
 Spider Form              Tmut/Pois      #.........   63%         3
 Tukima's Dance           Hex            #.......     63%         3
 Ice Form                 Ice/Tmut       #.......     95%         4
 Blade Hands              Tmut           #.........   100%        5


Dungeon Overview and Level Annotations

Branches:
Dungeon (7/15)             Temple (1/1) D:7           Sewer (visited)

Altars:
Ashenzari
Cheibriados
Dithmenos
Elyvilon
Fedhas
Hepliaklqana
Kikubaaqudgha
Makhleb
Nemelex Xobeh
Okawaru
Qazlal
Ru
Trog
Uskayaw
Vehumet
Wu Jian
Xom
Zin


Innate Abilities, Weirdness & Mutations

You are too large for most types of armour.
You have claws for hands.
Your natural rate of healing is unusually fast.
You are covered in fur. (AC +1)
You have extremely tough skin. (AC +3)


Message History

The orc warrior is heavily wounded.
The orc warrior hits you with a +0 flail!
You closely miss the orc warrior. You claw the orc warrior.
The orc warrior is heavily wounded.
You claw the orc warrior!
You kill the orc warrior!
The jackal barely misses you. The shadow imp gestures at you.
You easily resist.
You claw the jackal!
You kill the jackal!
You mangle the shadow imp!!
You kill the shadow imp!
The cyclops throws a large rock.
The large rock hits you!
The cyclops throws a large rock.
The large rock hits you!!
* * * LOW HITPOINT WARNING * * *
Items here: ( )) [ ††.
You feel much better. The cyclops hits you.
You barely miss the cyclops. The cyclops hits you!!
You die...

#..#.....#.###....#
#..#.#.#.#.##...... #
#.....#...........#
.####.#.#.#.#..#.....#
.....#.....#........#
###.#####.#####.###...
#.....#..[..#8...8#..#
#.#.....#(⌠.⌠.#. .#.(.
#.....C@(†.⌠.....8
.....
#.#.....#.⌠.⌠.#...
.#...
#.....#.....#8... #...
###.#####.#####.###...
... .... .........
#### ...# ####....
=....#.......
.#......... #.........


You could see a cyclops.

Vanquished Creatures
  Pikel (D:6)
  Grinder (D:6)
  Sigmund (D:4)
  Duvessa (D:6)
  Purgy (D:3)
  2 sky beasts
  An orc warrior (D:7)
  An ice beast (D:7)
  3 ogres
  A centaur (D:7)
  A lemure (D:6)
  2 big kobolds
  2 bullfrogs (D:6)
  Dowan (D:6)
  2 scorpions (D:4)
  4 killer bees (D:6)
  2 electric eels (D:6)
  A howler monkey (D:4)
  A crimson imp (D:5)
  A hound (D:4)
  2 centaur skeletons
  2 orc priests
  Terence (D:2)
  A bullfrog skeleton (D:4)
  Natasha (thrice) (D:2)
  An iguana (D:4)
  5 orc wizards
  3 worker ants
  A hound skeleton (D:4)
  11 gnolls
  11 adders
  4 river rats
  A shadow imp (D:7)
  A white imp (D:5)
  An ufetubus (D:7)
  An ooze (D:5)
  An adder zombie (D:5)
  An adder skeleton (D:7)
  2 worms
  3 dart slugs
  3 leopard geckos
  26 orcs
  5 bats
  4 giant cockroaches
  13 goblins
  5 hobgoblins
  22 jackals
  10 kobolds
  4 quokkas
  4 ball pythons
  5 frilled lizards
  A giant cockroach zombie (D:6)
  A leopard gecko skeleton (D:4)
  A leopard gecko zombie (D:7)
  2 quokka skeletons
  A quokka zombie (D:2)
  8 rats
201 creatures vanquished.

Vanquished Creatures (others)
  13 plants
13 creatures vanquished.

Grand Total: 214 creatures vanquished

Notes
Turn   | Place    | Note
-------+----------+-------------------------------------------
     0 | D:1      | KristoblXynda the Troll Hedge Wizard began the quest for
                  | the Orb.
     0 | D:1      | Reached XP level 1. HP: 16/16 MP: 2/2
   100 | D:1      | Reached skill level 1 in Conjurations
   138 | D:1      | Reached XP level 2. HP: 24/24 MP: 4/4
   196 | D:1      | Reached skill level 1 in Unarmed Combat
   665 | D:1      | Reached XP level 3. HP: 31/31 MP: 5/5
   953 | D:2      | Noticed Natasha
   967 | D:2      | Killed Natasha
   968 | D:2      | Reached skill level 2 in Unarmed Combat
   968 | D:2      | Reached XP level 4. HP: 27/39 MP: 6/6
  1079 | D:2      | Noticed Natasha
  1092 | D:2      | Killed Natasha
  1172 | D:2      | Noticed Natasha
  1184 | D:2      | Killed Natasha
  1185 | D:2      | Reached XP level 5. HP: 43/45 MP: 7/7
  1218 | D:2      | Noticed Terence
  1232 | D:2      | Killed Terence
  1547 | D:3      | Noticed Purgy
  1556 | D:3      | Killed Purgy
  1557 | D:3      | Reached skill level 3 in Unarmed Combat
  1557 | D:3      | Reached XP level 6. HP: 30/53 MP: 8/8
  1607 | D:3      | Learned a level 3 spell: Mephitic Cloud
  1697 | D:3      | Found a snail-covered altar of Cheibriados.
  1785 | D:3      | Found a white marble altar of Elyvilon.
  2129 | D:4      | Noticed Sigmund
  2155 | D:4      | Killed Sigmund
  2238 | D:4      | Reached skill level 4 in Unarmed Combat
  2278 | D:4      | Reached XP level 7. HP: 53/59 MP: 9/9
  2534 | D:4      | Found a radiant altar of Vehumet.
  3356 | D:5      | Entered Level 5 of the Dungeon
  3743 | D:5      | Reached skill level 5 in Unarmed Combat
  3961 | D:5      | Found a burning altar of Makhleb.
  3965 | D:5      | Found a shimmering altar of Xom.
  4026 | D:5      | Reached XP level 8. HP: 67/67 MP: 10/10
  4075 | D:5      | Found a hide-covered altar of Uskayaw.
  4075 | D:5      | Found an ancient bone altar of Kikubaaqudgha.
  4075 | D:5      | Found a stormy altar of Qazlal.
  4472 | D:6      | Noticed Duvessa
  4475 | D:6      | Noticed Dowan
  4483 | D:6      | Killed Duvessa
  4484 | D:6      | Reached skill level 5 in Dodging
  4488 | D:6      | Killed Dowan
  4498 | D:6      | Found a glowing drain.
  4508 | Sewer    | Entered a sewer
  4622 | Sewer    | Found a white marble altar of Elyvilon.
  4706 | D:6      | Found an ornate altar of the Wu Jian Council.
  4846 | D:6      | Reached skill level 6 in Unarmed Combat
  5236 | D:6      | Reached skill level 5 in Conjurations
  5315 | D:6      | Found a sparkling altar of Nemelex Xobeh.
  5317 | D:6      | Noticed Grinder
  5337 | D:6      | Killed Grinder
  5338 | D:6      | Reached XP level 9. HP: 66/74 MP: 4/11
  5887 | D:6      | Noticed Pikel
  5905 | D:6      | Killed Pikel
  5906 | D:6      | Reached skill level 7 in Unarmed Combat
  6114 | D:7      | Found a staircase to the Ecumenical Temple.
  6171 | Temple   | Entered the Ecumenical Temple
  6228 | Temple   | Became a worshipper of Ashenzari the Shackled
  6676 | D:7      | Noticed a cyclops
  6699 | D:7      | HP: 3/74 [cyclops/large rock (32)]
  6702 | D:7      | Slain by a cyclops

Illustrated notes

Levels and vault maps discovered:
D:1:      dpeg_arrival_stonehenge_12_columns, layout_basic
D:2:      layout_rooms, uniq_terence, uniq_natasha
D:3:      layout_rooms, cheibriados_altar_1, nicolae_overflow_hidden_temple,
          serial_rivers, chequers_serial_rivers_small_b,
          chequers_serial_rivers_marsh, chequers_serial_rivers_micro_b,
          chequers_serial_rivers_micro_d, chequers_serial_rivers_micro_c,
          uniq_purgy
D:4:      layout_basic, old_standard_altar, uniq_sigmund
D:5:      layout_gridville, grunt_temple_overflow_champion_of_chaos,
          gammafunk_temple_overflow_forgotten
D:6:      layout_basic, portal_sewer_entry_a, basic_altar, serial_bayou_ford_a,
          fountainhead, nemelex_altar_shiori, uniq_grinder, uniq_pikel,
          uniq_duvessa
D:7:      layout_rooms, minmay_temple_entry_enclosed_plants,
          minmay_chambers_of_fives
Temple:   zaba_magenta_temple

Skill      XL: |  1  2  3  4  5  6  7  8  9 |
---------------+----------------------------+-----
Conjurations   | 1 2 3 4 5 6 |  6.1
Unarmed Combat | 1 2 3 4 5 6 7 |  7.9
Dodging        | 2 3 4 5 6 |  6.8
Stealth        | |  1.0
Spellcasting   | |  2.0
Summonings     | |  0.6
Translocations | |  0.6

Action                   |  1- 3 |  4- 6 |  7- 9 || total
-------------------------+-------+-------+-------++-------
Melee: Unarmed           |   138 |   169 |   460 ||   767
       Punch             |     3 |     2 |    16 ||    21
 Cast: Magic Dart        |       |       |     7 ||     7
Invok: Curse Item        |       |       |     1 ||     1
Evoke: Wand              |       |       |     1 ||     1
  Use: Scroll            |       |     4 |    13 ||    17
       Potion            |       |     1 |     3 ||     4
 Stab: Sleeping          |     2 |     1 |     3 ||     6
Armor: Robe              |    56 |    57 |   153 ||   266
Dodge: Dodged            |    78 |    78 |   387 ||   543

Table legend: (Time is in decaauts)
 A = Elapsed time spent in this place.
 B = Non-inter-level travel time spent in this place.
 C = Inter-level travel time spent in this place.
 D = Time resting spent in this place.
 E = Time spent auto-exploring this place.
 F = Levels seen in this place.
 G = Mean time per level.
                   A        B        C        D        E       F      G
               +--------+--------+--------+--------+--------+-----+--------+
         Total |   6675 |   6335 |    340 |    853 |   3457 |   9 |  741.7 |
       Dungeon |   6387 |   6063 |    324 |    826 |   3379 |   7 |  912.4 |
        Temple |     75 |     59 |     16 |      0 |      9 |   1 |   75.0 |
         Sewer |    212 |    212 |      0 |     27 |     68 |   1 |  212.0 |
               +--------+--------+--------+--------+--------+-----+--------+

Top non-repeatable levels by time:
     D:4: 1538 daAuts
     D:6: 1443 daAuts
     D:1: 834 daAuts
     D:5: 832 daAuts
     D:3: 684 daAuts
     D:2: 542 daAuts
     D:7: 512 daAuts
   Sewer: 212 daAuts
  Temple: 75 daAuts
